 Dungeon Crawl Stone Soup version 0.18-a0-1426-g3b9a63c (webtiles) character file.

26 Duffy the Charlatan (level 3, 0/26 HPs)
             Began as a Formicid Artificer on Feb 27, 2016.
             Slain by a worm (6 damage)
             ... on level 2 of the Dungeon.
             The game lasted 00:01:35 (964 turns).

Duffy the Charlatan (Formicid Artificer)             Turns: 964, Time: 00:01:35

Health: 0/26       AC:  5    Str: 15    XL:     3   Next: 22%
Magic:  5/5        EV: 11    Int: 11    God:
Gold:   73         SH:  0    Dex: 12    Spells: 0 memorised, 2 levels left

rFire  . . .     SeeInvis +     a - +0 short sword
rCold  . . .     Gourm    .     g - +0 ring mail
rNeg   . . .     Faith    .     (no shield)
rPois  .         Spirit   .     (helmet unavailable)
rElec  .         Dismiss  .     (no cloak)
rCorr  .         Reflect  .     (no gloves)
SustAt +         Harm     .     (no boots)
MR     .....                    (no amulet)
Stlth  +.........               (no ring)
                                i - ring of sustain attributes

@: not resistant to hostile enchantments, very unstealthy
A: permanent stasis, dig shafts and tunnels, four strong arms, antennae 3
a: Dig, Shaft Self


You were on level 2 of the Dungeon.
You were not hungry.

You visited 1 branch of the dungeon, and saw 2 of its levels.

You collected 73 gold pieces.


Innate Abilities, Weirdness & Mutations

You are under a permanent stasis effect.
You can dig through walls and to a lower floor.
Your four strong arms can wield two-handed weapons with a shield.
You have a pair of large antennae on your head (SInv).


   Skills:
 - Level 1.1 Fighting
 - Level 1.0 Short Blades
 + Level 3.1 Dodging
 - Level 1.2 Stealth
 - Level 3.2 Evocations


You had 2 spell levels left.
You didn't know any spells.

Inventory:

Hand Weapons
 a - a +0 short sword (weapon)
Armour
 g - a +0 ring mail (worn)
Jewellery
 i - a ring of sustain attributes (left hand)
Wands
 c - a wand of flame (15/48)
 d - a wand of enslavement (15/24)
 e - a wand of random effects (15/48)
Scrolls
 h - a scroll of identify {unknown}
 j - a scroll of recharging {unknown}
Potions
 b - a potion of might {unknown}
Comestibles
 f - a bread ration
 k - a beef jerky

Dungeon Overview and Level Annotations

Branches:
Dungeon (2/15)

Altars:


Message History

You are too injured to fight recklessly!
You are too injured to fight recklessly!
You are too injured to fight recklessly!
You are too injured to fight recklessly!
You are too injured to fight recklessly!
You are too injured to fight recklessly!
You are too injured to fight recklessly!
You are too injured to fight recklessly!
You are too injured to fight recklessly!
You are too injured to fight recklessly!
You are too injured to fight recklessly!
You are too injured to fight recklessly!
You are too injured to fight recklessly!
You are too injured to fight recklessly!
You are too injured to fight recklessly!
You are too injured to fight recklessly!
You are too injured to fight recklessly!
You are too injured to fight recklessly!
You are too injured to fight recklessly!
You are too injured to fight recklessly!
You are too injured to fight recklessly!
You are too injured to fight recklessly!
You hit the worm but do no damage.
The worm is severely wounded.
The worm bites you. The dart slug bites you.
You barely miss the worm.
The worm is heavily wounded.
You hit the worm but do no damage.
The worm is heavily wounded.
The dart slug barely misses you. The worm bites you.
You hit the worm but do no damage.
The worm is heavily wounded.
The dart slug bites you but does no damage.
The worm bites you.
You die...

## ###### #. ..##.. #.
#.##.#### #. #.##.#..# #
#>##.##.#..#.#.#.
#..#.##.#..#.#.#.
###.#####.#%##.#<...#.#.
......w@................
###..###w...##..........
# #..######.####.##
#..#.............
#.......#.##.....
#....##.#.##.....
#....## #.##.....
#....##.#.##.....
#.#.###...#


You could see a worm and a dart slug.

Action                   || total
-------------------------++-------
Melee: Short sword       ||   112

Notes
Turn   | Place    | Note
--------------------------------------------------------------
     0 | D:1      | Duffy the Formicid Artificer began the quest for the Orb.
     0 | D:1      | Reached XP level 1. HP: 15/15 MP: 3/3
    68 | D:1      | Reached skill level 2 in Dodging
   194 | D:1      | Reached XP level 2. HP: 21/21 MP: 4/4
   789 | D:2      | Reached skill level 3 in Dodging
   789 | D:2      | Reached XP level 3. HP: 26/26 MP: 5/5
   964 | D:2      | Slain by a worm

Vault maps used:
D:1:      onia_arrival_mini_spirals, grunt_decor_fettered
D:2:      ecumenical_altar_1

Vanquished Creatures
  A dart slug
  5 bats
  3 goblins
  2 hobgoblins
  6 kobolds
  2 giant newts
  7 rats
26 creatures vanquished.
